 Dungeon Crawl Stone Soup version bcrawl-1.38.3 (webtiles) character file.

Game seed: 16569538194780826627

131745 zacktheperson the Sneak (level 2, 0/30 HPs)
             Began as an Ent Spelunker on June 1, 2023.
             Slain by a jackal (1 damage)
             ... on level 1 of the Dungeon.
             The game lasted 00:03:20 (485 turns).

zacktheperson the Sneak (Ent Spelunker)              Turns: 485, Time: 00:03:21

Health: 0/30       AC:  9    Str: 19    XL:     2   Next: 75%
Magic:  5/5        EV:  9    Int: 12    God:
Gold:   64         SH:  0    Dex:  9    Spells: 5/6 levels left

rFire    . . .     GDR:     30% h - +0 club
rCold    . . .     SeeInvis .   (no shield)
rNeg     + + +     Gourm    .   (armour unavailable)
rPois    +         Faith    .   (helmet restricted)
rElec    .         Spirit   .   (no cloak)
rCorr    .         Reflect  .   (gloves unavailable)
MR       .....                  (boots unavailable)
Stlth    ++........             (no amulet)
HPRegen  0.15/turn              (no ring)
MPRegen  0.09/turn              (no ring)

@: very slow
A: large, slow actions, passwall, strong branches, negative energy resistance 3,
poison resistance, slow metabolism 1, torment resistance, unbreathing, AC +9
a: Passwall


You were on level 1 of the Dungeon.
You were hungry.

You visited 1 branch of the dungeon, and saw 1 of its levels.

You collected 64 gold pieces.

Inventory:

Hand Weapons
 a - a +1 dagger
 h - a +0 club (weapon)
Wands
 b - a wand of digging (10)
Scrolls
 d - 2 scrolls of noise
 i - 2 scrolls of identify
 k - a scroll of enchant armour {unknown}
Potions
 f - a potion of lignification {unknown}
 g - a potion of invisibility {unknown}
Miscellaneous
 c - a lamp of fire
Comestibles
 e - 4 rations {!d}
 j - 2 chunks of flesh


   Skills:
 + Level 2.3 Fighting
 - Level 1.5 Short Blades
 + Level 0.4 Maces & Flails
 + Level 0.4 Dodging
 + Level 4.1 Stealth
 + Level 2.5 Spellcasting
 + Level 2.2 Hexes
   Level 2.1 Transmutations
   Level 2.1 Earth Magic
 + Level 2.0 Evocations


You had 5 spell levels left.
You knew the following spells:

 Your Spells              Type           Power        Failure   Level  Hunger
a - Corona                Hex            #......      11%         1    None
Your spell library was empty.

Dungeon Overview and Level Annotations

Branches:
Dungeon (1/12)

Altars:


Innate Abilities, Weirdness & Mutations

You move and act slowly.
You can pass through walls and trees.
Your branches can wield two-handed weapons with a shield.
Your thick bark is tough. (AC +9)
You are too large for most types of armour.
You are immune to negative energy. (rN+++)
Your system is resistant to poisons. (rPois)
You have a slow metabolism.
You are immune to unholy pain and torment.
You can survive without breathing.


Message History

The jackal is heavily wounded.
The jackal closely misses you. The jackal misses you. The jackal bites you.
* * * LOW HITPOINT WARNING * * *
The goblin hits you but does no damage. The jackal closely misses you.
The jackal bites you but does no damage.
You hit the jackal.
The jackal is severely wounded.
The jackal bites you but does no damage.
The goblin barely misses you. The jackal bites you.
* * * LOW HITPOINT WARNING * * *
The jackal closely misses you. The goblin barely misses you.
The jackal bites you but does no damage.
The jackal barely misses you.
You closely miss the jackal.
The jackal is severely wounded.
The jackal closely misses you. x2; The goblin hits you but does no damage.
The jackal bites you.
* * * LOW HITPOINT WARNING * * *
The jackal bites you.
You die...

..#†# ## #.#.####......#.
............. .>
.#....##........######
.#..#.## ... .#......#
.......#...# .....#.##.
.......#..# # #........
..........###.#gh#..####
.......#........@h.>....
.......#...##.##.#######
............#..(.....# ##
####..###.#.####..####...
#......#.#.# #..# ...#
#......#.#.# #.†#....##
#......#.#.####.†......#
#......).......#.......#
#......#..##...........#


You could see 2 jackals and a goblin.

Vanquished Creatures
  2 leopard geckos (D:1)
  A ball python (D:1)
  2 giant cockroaches (D:1)
  6 goblins (D:1)
  2 hobgoblins (D:1)
  A jackal (D:1)
  2 bats (D:1)
  A frilled lizard (D:1)
  2 kobolds (D:1)
  A rat (D:1)
20 creatures vanquished.

Notes
Turn   | Place    | Note
-------+----------+-------------------------------------------
     0 | D:1      | zacktheperson the Ent Spelunker began the quest for the
                  | Orb.
     0 | D:1      | Reached XP level 1. HP: 22/22 MP: 3/3
   107 | D:1      | Reached skill level 4 in Stealth
   139 | D:1      | Reached XP level 2. HP: 25/30 MP: 5/5
   484 | D:1      | HP: 1/30 [jackal (2)]
   485 | D:1      | Slain by a jackal

Skill      XL: |  1  2 |
---------------+-------+-----
Stealth        | 4 |  4.1
Evocations     | 2 |  2.0
Fighting       | |  2.3
Short Blades   | |  1.5
Maces & Flails | |  0.4
Dodging        | |  0.4
Spellcasting   | |  2.5
Hexes          | |  2.2
Transmutations | |  2.1
Earth Magic    | |  2.1

Action                   || total
-------------------------++-------
Melee: Club              ||    88
       Dagger            ||     2
 Abil: Passwall          ||     3
 Stab: Sleeping          ||     2
Armor: Skin              ||   111
Dodge: Dodged            ||   116
